 Dungeon Crawl Stone Soup version 0.27.0-66-gdc8fb28755 (webtiles) character file.

Game seed: 9733832296394914728

72 ZARRMARR the Skirmisher (level 4, -1/37 HPs)
             Began as a Palentonga Fighter on Aug 20, 2021.
             Splashed by an orc's acid (12 damage)
             ... on level 3 of the Dungeon.
             The game lasted 00:11:48 (3460 turns).

ZARRMARR the Skirmisher (Palentonga Fighter)        Turns: 3460, Time: 00:11:49

Health: -1/37      AC:  5    Str: 20    XL:     4   Next: 6%
Magic:  5/5        EV:  1    Int:  8    God:
Gold:   83         SH:  8    Dex: 10    Spells: 4/4 levels left

rFire    . . .     SeeInvis +     - Unarmed
rCold    . . .     Faith    .   b - +0 kite shield
rNeg     . . .     Spirit   .   e - +0 plate armour
rPois    .         Reflect  .   (no helmet)
rElec    .         Harm     .   (no cloak)
rCorr    .         Rampage  .   (no gloves)
Will     .....                  (no barding)
Stlth    ..........             (no amulet)
HPRegen  0.12/turn              (no ring)
MPRegen  0.09/turn              (no ring)

@: corroded
A: large, rugged brown scales 3, see invisible, deformed body, roll 1, armoured
tail
a: Rolling Charge


You were on level 3 of the Dungeon.
You visited 1 branch of the dungeon, and saw 3 of its levels.

You collected 83 gold pieces.

Inventory:

Missiles
 j - 64 stones (quivered)
 l - 5 atropa-tipped darts
Armour
 b - a +0 kite shield (worn)
 e - a +0 plate armour (worn)
Wands
 a - a wand of digging (3)
Scrolls
 g - a scroll of torment
 k - a scroll of enchant armour
Potions
 c - a potion of might
 d - a potion of flight {unknown}
 f - a potion of magic
 h - a potion of lignification {unknown}
 i - a potion of brilliance {unknown}


   Skills:
 + Level 3.3 Fighting
 + Level 3.0 Armour
 + Level 0.4 Dodging
 + Level 2.6 Shields
 + Level 2.6 Unarmed Combat
 * Level 0.9 Spellcasting
 * Level 0.4 Necromancy


You had 4 spell levels left.
You didn't know any spells.
Your spell library contained the following spells:

 Spells                   Type           Power      Damage    Failure   Level
 Foxfire                  Conj/Fire      0%         2x1d4     100%        1
 Static Discharge         Conj/Air       0%         N/A       100%        2
 Dispel Undead            Necr           1%         3d6       100%        4
 Sticky Flame             Conj/Fire      0%         2d3       100%        4


Dungeon Overview and Level Annotations

Branches:
Dungeon (3/15)

Altars:


Innate Abilities, Weirdness & Mutations

You are completely covered in rugged brown scales. (AC +3, +7% HP)
You have supernaturally acute eyesight. (SInv)
Armour fits poorly on your strangely shaped body.
You can roll at nearby foes to attack.
You have a long armoured tail.


Message History

You throw a javelin. The ball python hisses angrily.
The javelin pierces through the ball python.
You kill the ball python!
HP restored.
m - 2 javelins (gained 1)
There is a stone staircase leading up here.
d - a metallic dark potion You open the door.
There is an open door here.
An orc comes into view.
It is wielding a +0 hand axe and carrying a wand of acid (7).
The orc shouts!
An orc comes into view. It is wielding a +0 hand axe.
Found an escape hatch in the floor.
Throw: 2 javelins
Press: ? - help, Q - select action, (/) - cycle Shift-Dir - straight line, f - orc
Aim: an orc, wielding a +0 hand axe, wearing a +0 scale mail and carrying a wand of acid (7) (56% to hit)
You throw a javelin. The orc shouts!
The javelin pierces through the orc but does no damage.
An orc comes into view. It is wielding a +0 hand axe.
The orc zaps a wand.
The bolt of acid hits you.
You are splashed with acid!
Throw: javelin
Press: ? - help, Q - select action, (/) - cycle Shift-Dir - straight line, f/p - orc
Aim: an orc, wielding a +0 hand axe, wearing a +0 scale mail and carrying a wand of acid (6) (58% to hit)
You throw a javelin. The orc shouts!
The javelin pierces through the orc.
The orc is severely wounded.
You hear a shout!
An orc comes into view.
It is wielding a +0 falchion and carrying a wand of flame (17).
Throw: 65 stones
Press: ? - help, Q - select action, (/) - cycle Shift-Dir - straight line, f/p - orc
Aim: an orc, wielding a +0 hand axe, wearing a +0 scale mail and carrying a wand of acid (6) (severely wounded, 56% to hit)
You throw a stone. The stone hits the orc.
The orc is severely wounded.
The orc zaps a wand.
The bolt of acid hits you!
* * * LOW HITPOINT WARNING * * *
The acid corrodes you!
You are splashed with acid!
You die...

(. #o # #o .#
#o#####.#
o......#
######......#
....##.?....##.
#....@.......
#............
#......#.....
#......#.....
#............
##.#####.....>
#....# #.#+###
#..#.###.#.#
#..#...)...#


You could see 4 orcs.

Vanquished Creatures
  An adder (D:2)
  A gnoll (D:3)
  3 worms (D:2)
  9 ball pythons
  4 endoplasms (D:1)
  3 giant cockroaches
  5 hobgoblins
  2 quokkas (D:1)
  5 bats
  A frilled lizard (D:1)
  4 goblins
  2 kobolds
  A rat (D:1)
41 creatures vanquished.

Vanquished Creatures (others)
  A fungus (D:1)
  A plant (D:1)
2 creatures vanquished.

Grand Total: 43 creatures vanquished

Notes
Turn   | Place    | Note
-------+----------+-------------------------------------------
     0 | D:1      | ZARRMARR the Palentonga Fighter began the quest for the
                  | Orb.
     0 | D:1      | Reached XP level 1. HP: 19/19 MP: 1/1
   259 | D:1      | Reached XP level 2. HP: 19/25 MP: 2/2
   732 | D:1      | Found a faded altar of an unknown god.
   738 | D:1      | Got Plato's Papyrus of Flames
  1011 | D:1      | Reached XP level 3. HP: 29/31 MP: 3/3
  3345 | D:3      | Reached XP level 4. HP: 27/37 MP: 5/5
  3460 | D:3      | Splashed by an orc's acid

Illustrated notes

Levels and vault maps discovered:
D:1:      matt_arrival_spirals, layout_loops_corners,
          shapermc_ecumenical_altar_rom_forum, amcnicky_mini_corridor_feature
D:2:      layout_loops_corners
D:3:      layout_basic, nicolae_sif_muna_condensation, minmay_distorted,
          uniq_robin, uniq_grinder

Skill      XL: |  1  2  3 |
---------------+----------+-----
Armour         | 3 |  3.0
Fighting       | |  3.3
Dodging        | |  0.4
Shields        | |  2.6
Unarmed Combat | |  2.6
Spellcasting   | |  0.9
Necromancy     | |  0.4

Action                   |  1- 3 |  4- 6 || total
-------------------------+-------+-------++-------
Melee: Unarmed           |   160 |       ||   160
       Tailslap          |    21 |       ||    21
Throw: Stone             |     6 |     1 ||     7
       Javelin           |     1 |     3 ||     4
 Abil: Rolling Charge    |    21 |       ||    21
  Use: Scroll            |     4 |     1 ||     5
       Potion            |     2 |       ||     2
Armor: Skin              |     4 |       ||     4
       Scale mail        |     2 |       ||     2
       Plate armour      |    81 |       ||    81
Dodge: Dodged            |    10 |       ||    10
Block: Kite shield       |    50 |       ||    50
